 Dungeon Crawl Stone Soup version 0.30-a0-840-ga523dec638 (webtiles) character file.

Game seed: 8175208105532396525

5801 Esekla the Carver (level 10, -3/69 HPs)
             Began as an Octopode Delver on Mar 1, 2023.
             Was an Initiate of Gozag.
             Hit by a large rock thrown by a cyclops (32 damage)
             ... on level 1 of the Orcish Mines.
             The game lasted 01:03:29 (11429 turns).

Esekla the Carver (Octopode Delver)                Turns: 11429, Time: 01:03:30

Health: -3/69      AC:  5    Str: 11    XL:     10   Next: 79%
Magic:  16/16      EV: 15    Int: 16    God:    Gozag
Gold:   449        SH:  5    Dex: 15    Spells: 8/17 levels left

rFire   + + .      SeeInvis +    a - +2 falchion (protect)
rCold   . . .      Faith    .    x - +0 buckler
rNeg    . . .      Spirit   .    (helmet restricted)
rPois   .          Reflect  .    J - amulet of magic regeneration
rElec   .          Harm     .    l - ring of wizardry
rCorr   +          Rampage  .    v - ring of protection from cold
Will    +....                    y - ring of willpower
Stlth   +++++                    K - ring "Getuvuas" {Fire +Blink Fly}
HPRegen 0.31/turn                B - ring of resist corrosion
MPRegen 0.55/turn                F - ring of protection from fire
                                 N - ring of see invisible
                                 P - +4 ring of protection

@: flying
A: almost no armour, amphibious, 8 rings, camouflage 1, gelatinous body 1,
(nimble swimmer 1), tentacles
a: Renounce Religion, Evoke Blink, Potion Petition, Call Merchant, Bribe Branch


You were on level 1 of the Orcish Mines.
You worshipped Gozag.
Gozag was aware of your devotion.
You visited 3 branches of the dungeon, and saw 11 of its levels.

You collected 2132 gold pieces.
You spent 1260 gold pieces at shops.
You paid 423 gold pieces to Gozag.

Inventory:

Hand Weapons
 a - a +2 falchion of protection (weapon)
 r - a +4 spear
 s - a +0 dagger
 z - a +3 falchion of freezing
Missiles
 d - 14 poisoned darts (quivered)
 M - 3 throwing nets
Armour
 x - a +0 buckler (worn)
Jewellery
 l - a ring of wizardry (left tentacle)
 v - a ring of protection from cold (right tentacle)
 w - a ring of fire
 y - a ring of willpower (on tentacle)
 B - a ring of resist corrosion (on tentacle)
 F - a ring of protection from fire (on tentacle)
 J - an amulet of magic regeneration (around mantle)
 K - the ring "Getuvuas" (on tentacle) {Fire +Blink Fly}
   (You found it on level 3 of the Dungeon)

   [ring of fire]

   It enhances your fire magic.
   rF:        It protects you from fire.
   rC:        It makes you vulnerable to cold.
   Fly:       It grants you flight.
   +Blink:    It lets you blink.
 N - a ring of see invisible (on tentacle)
 P - a +4 ring of protection (on tentacle)
Wands
 f - a wand of digging (3)
 D - a wand of iceblast (27)
 E - a wand of paralysis (8)
 I - a wand of light (7)
 O - a wand of mindburst (10)
Scrolls
 b - 2 scrolls of fog
 g - 2 scrolls of identify
 n - 2 scrolls of magic mapping
 o - a scroll of silence {unknown}
 q - a scroll of fear
 t - 6 scrolls of teleportation
 u - 3 scrolls of blinking {unknown}
 C - a scroll of brand weapon {unknown}
 L - a scroll of noise {unknown}
Potions
 c - a potion of flight
 e - 2 potions of haste
 h - 3 potions of curing
 i - 2 potions of cancellation
 j - a potion of magic
 k - 3 potions of attraction
 m - 2 potions of brilliance
 p - 7 potions of heal wounds
 A - 2 potions of lignification
 G - a potion of berserk rage
 H - 2 potions of ambrosia


   Skills:
 * Level 6.4 Fighting
 + Level 1.7(5.9) Short Blades
 * Level 9.0(9.1) Long Blades
 + Level 0.4 Throwing
 * Level 6.0 Dodging
 - Level 8.1 Stealth
 + Level 3.3 Shields
 * Level 4.0 Spellcasting
 * Level 2.9 Conjurations
 * Level 3.5 Air Magic
 * Level 4.2 Poison Magic
 * Level 4.6 Evocations


You had 8 spell levels left.
You knew the following spells:

 Your Spells              Type           Power      Damage    Failure   Level
c - Mephitic Cloud        Conj/Pois/Air  14%        N/A       6%          3
v - Poisonous Vapours     Pois/Air       30%        N/A       2%          2
x - Olgreb's Toxic Radia  Pois           16%        N/A       16%         4

Your spell library contained the following spells:

 Spells                   Type           Power      Damage    Failure   Level
 Sting                    Tmut/Pois      40%        1d5       4%          1
 Cigotuvi's Dreadful Rot  Necr/Pois/Air  22%        N/A       4%          2
 Summon Guardian Golem    Hex/Summ       3%         N/A       26%         3
 Orb of Destruction       Conj           6%         9d6       100%        7
 Spellforged Servitor     Conj/Summ      3%         N/A       100%        7


Dungeon Overview and Level Annotations

Branches:
Dungeon (9/15)             Temple (1/1) D:5            Lair (0/5) D:9
    Orc (1/2) D:9

Altars:
Cheibriados
Dithmenos
Elyvilon
Fedhas
Gozag
Hepliaklqana
Kikubaaqudgha
Okawaru
Qazlal
Sif Muna
Wu Jian
The Shining One

Shops:
D:3 !   D:4 (   D:7 =   D:9 =

Annotations:
D:3 1 runed translucent door, Crazy Yiuf
D:6 3 runed translucent doors, Edmund; Twinkles's ghost, weakling SpDe


Innate Abilities, Weirdness & Mutations

You cannot wear most types of armour.
You are amphibious.
You can wear up to eight rings at the same time.
Your skin changes colour to match your surroundings (Stealth+).
Your rubbery body absorbs attacks. (AC +1, EV +1)
((You are camouflaged when in or above water. (Stealth+)))
You have tentacles for arms and can constrict up to eight enemies at once.


Message History

Press: ? - help, Shift-Dir - straight line, f/p - cyclops
Aim: a cyclops, quivering large rocks (chance to affect: 58%)
The ball explodes into a vile cloud!
The stinking cloud engulfs the cyclops but does no damage.
You hear a shout! x3
The cyclops is engulfed in noxious fumes.
The cyclops hits you!!
You hit the cyclops but do no damage.
Your weapon exudes an aura of protection.
The cyclops is engulfed in noxious fumes.
The cyclops appears confused.
The cyclops hits you!
You catch the helpless cyclops completely off-guard!
You slash the cyclops!
You squeeze the cyclops, but do no damage.
The cyclops is moderately wounded.
Casting: Mephitic Cloud (dangerous; 6% risk of failure)
Confirm with . or Enter, or press ? or * to list all spells.
Aiming: Poisonous Vapours (safe; 2% risk of failure)
Press: ? - help, Dir - move target, f/p - cyclops
Aim: a cyclops, quivering large rocks (moderately wounded, confused) Poisonous vapours surround the cyclops!
The cyclops is poisoned.
The cyclops hits you!!
You blink.
Your magical contamination has completely faded away.
You feel stable enough to blink again.
There is a staircase back to the Dungeon, spattered with blood here.
Magic restored.
You fly upwards.
Welcome back to the Dungeon!
There is a staircase to the Orcish Mines, spattered with blood here.
You start resting.
HP restored.
You fly downwards.
Welcome back to the Orcish Mines!
The cyclops throws a large rock.
The large rock hits you!!!
Ouch! That really hurt!
There is a staircase back to the Dungeon, spattered with blood here.
Things that are here:
a +0 chain mail; a +0 trident; a +0 giant spiked club The cyclops throws a large rock.
The large rock hits you!!
You die...
Your body crumbles into a pile of gold.

#### ###..##### $$
##.....##.#####
#......#...##.####
##......#......#.##
###..............##
##.......[@........#
#........[[....#..####
##..>...........)..#.##
####........#.........#
##.#..........#........##
#.......................#
#####...........>.........###
##.##..........C.............##
#.............................#


You could see a cyclops.

Vanquished Creatures
  4 molten gargoyles (D:9)
  Sigmund (D:6)
  3 shadows
  A wyvern (D:9)
  A steam dragon (D:7)
  2 acid dragons (D:9)
  3 water moccasins
  3 orc warriors
  A sky beast (D:8)
  An ice beast (D:7)
  3 ogres
  4 centaurs
  A phantom (D:6)
  2 kobold brigands
  4 bullfrogs
  A necrophage (D:5)
  4 scorpions
  5 wights (D:9)
  2 troll zombies (D:9)
  3 howler monkeys
  2 jellies
  3 hounds
  3 orc priests
  A gnoll bouda (D:9)
  4 iguanas
  3 orc wizards
  5 ogre zombies (D:9)
  8 adders
  17 gnolls
  2 shadow imps (D:6)
  3 white imps
  A worm (D:2)
  A dart slug (D:5)
  12 orcs
  6 endoplasms
  7 hobgoblins
  7 jackals
  3 quokkas
  7 ball pythons
  8 bats
  2 frilled lizards
  4 goblins
  A goblin skeleton (D:9)
  4 goblin zombies (D:9)
  2 hobgoblin skeletons (D:9)
  A hobgoblin zombie (D:9)
  12 kobolds
  2 orc skeletons (D:9)
  15 orc zombies (D:9)
  6 rats
201 creatures vanquished.

Vanquished Creatures (others)
  A quokka (D:5)
  3 fungi
  8 plants
12 creatures vanquished.

Grand Total: 213 creatures vanquished

Notes
Turn   | Place    | Note
-------+----------+-------------------------------------------
     0 | D:5      | Esekla the Octopode Delver began the quest for the Orb.
     0 | D:5      | Reached XP level 1. HP: 16/16 MP: 1/1
    30 | D:5      | Reached XP level 2. HP: 15/21 MP: 2/2
   114 | D:5      | Found a white marble altar of Elyvilon.
   154 | D:5      | Noticed an ice beast
   208 | D:5      | Found a staircase to the Ecumenical Temple.
   210 | D:5      | Noticed a howler monkey
   221 | D:5      | Killed a howler monkey
   222 | D:5      | Reached XP level 3. HP: 16/26 MP: 2/4
   222 | D:5      | Reached XP level 4. HP: 19/31 MP: 2/5
   244 | Temple   | Entered the Ecumenical Temple
   251 | Temple   | Became a worshipper of Gozag Ym Sagoz the Greedy
   420 | D:3      | Noticed a scorpion
  1114 | D:2      | Reached skill level 1 in Spellcasting
  1348 | D:2      | Reached XP level 5. HP: 27/36 MP: 6/6
  1378 | D:2      | Reached skill level 3 in Long Blades
  2043 | D:3      | Found a runed translucent door.
  2044 | D:3      | Noticed Crazy Yiuf
  2105 | D:3      | Reached XP level 6. HP: 39/43 MP: 6/8
  2219 | D:3      | Found Zifiun's Distillery.
  2239 | D:3      | Identified the ring "Getuvuas" {Fire +Blink Fly}
  2247 | D:3      | Bought a potion of degeneration for 12 gold pieces
  2247 | D:3      | Bought a potion of heal wounds for 60 gold pieces
  2267 | D:3      | Bought a potion of curing for 36 gold pieces
  2471 | D:3      | Found a faded altar of an unknown god.
  2596 | D:3      | Identified the +1 cloak "Nusathru" {Str+2 Dex+2}
  2823 | D:4      | Found a blossoming altar of Fedhas.
  2826 | D:4      | Found a stormy altar of Qazlal.
  2875 | D:4      | Reached skill level 1 in Shields
  2966 | D:4      | Reached skill level 1 in Evocations
  3028 | D:4      | Reached XP level 7. HP: 40/48 MP: 9/9
  3175 | D:4      | Found Ygegec's Weapon Shoppe.
  3501 | D:4      | Reached skill level 4 in Long Blades
  4348 | D:6      | Noticed a shadow
  4350 | D:6      | Killed a shadow
  4351 | D:6      | Reached skill level 1 in Short Blades
  4421 | D:5      | Reached XP level 8. HP: 53/54 MP: 11/11
  4472 | D:5      | Reached skill level 5 in Long Blades
  4618 | D:6      | Found a runed translucent gate.
  4619 | D:6      | Found a runed translucent gate.
  4619 | D:6      | Noticed Twinkles's ghost (weakling SpDe)
  4620 | D:6      | Found a runed translucent gate.
  4621 | D:6      | Identified the +1 chain mail "Plog" {rCorr Int+4}
  4835 | D:6      | Learned a level 2 spell: Poisonous Vapours
  5785 | D:5      | Learned a level 4 spell: Olgreb's Toxic Radiance
  5814 | D:6      | Noticed Edmund
  5814 | D:6      | Noticed Sigmund
  5869 | D:6      | Killed Sigmund
  6259 | D:7      | Found Zauc's Jewellery Shop.
  6268 | D:7      | Reached skill level 1 in Poison Magic
  6396 | D:6      | Identified the +0 robe of Dytelih {rN+ Str+6}
  6470 | D:7      | Found an iron altar of Okawaru.
  6500 | D:7      | Reached skill level 1 in Air Magic
  6533 | D:7      | Reached skill level 6 in Long Blades
  6963 | D:7      | Learned a level 3 spell: Mephitic Cloud
  6984 | D:7      | Bought an amulet of magic regeneration for 360 gold pieces
  7005 | D:7      | Found a snail-covered altar of Cheibriados.
  7084 | D:6      | Reached skill level 5 in Fighting
  7186 | D:7      | Reached XP level 9. HP: 48/61 MP: 13/13
  7713 | D:8      | Reached skill level 1 in Conjurations
  7995 | D:8      | Reached skill level 7 in Long Blades
  8057 | D:8      | Reached skill level 5 in Dodging
  8977 | D:9      | Noticed a molten gargoyle
  8979 | D:9      | Noticed a molten gargoyle
  8979 | D:9      | Noticed a molten gargoyle
  9101 | D:9      | Found a staircase to the Orcish Mines.
  9149 | D:9      | Reached XP level 10. HP: 46/67 MP: 15/15
  9316 | D:7      | Bought a ring of see invisible for 180 gold pieces
  9394 | D:9      | Reached skill level 8 in Long Blades
  9481 | D:9      | Found a staircase to the Lair.
  9506 | D:9      | Noticed a molten gargoyle
  9548 | D:9      | Killed a molten gargoyle
  9848 | D:9      | Found a glowing golden altar of the Shining One.
 10186 | D:9      | Killed a molten gargoyle
 10293 | D:9      | Killed a molten gargoyle
 10349 | D:9      | Killed a molten gargoyle
 10646 | D:9      | Reached skill level 9 in Long Blades
 10762 | D:9      | Bought a +4 ring of protection for 612 gold pieces
 10787 | Orc:1    | Entered Level 1 of the Orcish Mines
 11159 | Orc:1    | Noticed a cyclops
 11429 | Orc:1    | Hit by a large rock thrown by a cyclops

Illustrated notes

Levels and vault maps discovered:
D:1:      dpeg_arrival_rhombi, layout_basic, minmay_misc_feat_ornament,
          glass_columns_b
D:2:      layout_rooms, minmay_misc_feat_columns
D:3:      kennysheep_big_flooded_room, layout_basic,
          ebering_ecumenical_altar_abandoned, serial_shops,
          nicolae_shop_crystal, uniq_crazy_yiuf_cottage
D:4:      layout_basic, grunt_temple_overflow_forces_of_nature, serial_shops,
          nicolae_shop_statue_plus, chequers_serial_rivers_small_a,
          st_stairs_11, grunt_decor_arrowhead
D:5:      layout_loops_cross, elyvilon_altar_4, minmay_temple_entry_overgrown,
          chequers_serial_rivers_small_a
D:6:      nicolae_cairo_tiling_large_dashed, layout_basic,
          biasface_ghost_orc_armoury, dreamdust_princess_corridor,
          sigmund_edmund_badplayer, uniq_edmund
D:7:      kennysheep_spiral_hall, layout_cave_pools,
          mainiacjoe_overflow_alcove_1, cheibriados_altar_1, serial_shops,
          nicolae_shop_window_shopping, kennysheep_generic_room_16
D:8:      layout_basic
D:9:      layout_loops_ring, tso_altar, lair_entry_dummy, zombieorc2_lemuel,
          chequers_serial_rivers_small_a, minivault_8
Temple:   hellmonk_temple_of_storms
Orc:1:    layout_caves, basic_altar

Skill      XL: |  1  2  3  4  5  6  7  8  9 10 |
---------------+-------------------------------+-----
Stealth        | 7 8 |  8.1
Spellcasting   | 1 2 3 4 |  4.0
Long Blades    | 3 4 6 7 9 |  9.0
Shields        | 1 2 3 |  3.3
Fighting       | 4 5 6 |  6.4
Dodging        | 3 4 5 6 |  6.0
Evocations     | 1 2 3 4 |  4.6
Short Blades   | 1 |  1.7
Poison Magic   | 1 3 4 |  4.2
Air Magic      | 1 2 3 |  3.5
Conjurations   | 2 |  2.9
Throwing       | |  0.4

Action                     |  1- 3 |  4- 6 |  7- 9 | 10-12 || total
---------------------------+-------+-------+-------+-------++-------
  Melee: Falchion          |    19 |    96 |   198 |   192 ||   505
         Constrict         |     6 |    25 |    40 |    33 ||   104
         Tentacles         |     4 |    18 |    48 |    66 ||   136
         Punch             |     1 |     2 |     3 |     5 ||    11
         Dagger            |       |    28 |    37 |     4 ||    69
  Throw: Dart              |       |     3 |       |    10 ||    13
   Cast: Poisonous Vapours |       |       |     8 |     1 ||     9
         Mephitic Cloud    |       |       |     3 |     1 ||     4
 Invoke: Call Merchant     |       |       |       |     1 ||     1
Ability: Evoke Blink       |       |       |     3 |     2 ||     5
    Use: Scroll            |     1 |     3 |     3 |     8 ||    15
         Potion            |       |       |     1 |     3 ||     4
   Stab: Sleeping          |     1 |    21 |    19 |     3 ||    44
         Distracted        |       |     2 |     4 |     1 ||     7
         Confused          |       |       |     2 |     1 ||     3
 Armour: Skin              |       |    13 |    20 |    16 ||    49
  Dodge: Dodged            |    13 |    81 |   117 |    80 ||   291
  Block: Buckler           |       |     1 |    37 |    29 ||    67

Table legend: (Time is in decaauts)
 A = Elapsed time spent in this place.
 B = Non-inter-level travel time spent in this place.
 C = Inter-level travel time spent in this place.
 D = Time resting spent in this place.
 E = Time spent auto-exploring this place.
 F = Levels seen in this place.
 G = Mean time per level.
                   A        B        C        D        E       F      G
               +--------+--------+--------+--------+--------+-----+--------+
         Total |  11378 |  10767 |    611 |   2960 |   3204 |  11 | 1034.4 |
       Dungeon |  11077 |  10467 |    610 |   2926 |   3156 |   9 | 1230.8 |
        Temple |     48 |     48 |      0 |     34 |      0 |   1 |   48.0 |
  Orcish Mines |    252 |    252 |      0 |      0 |     48 |   1 |  252.0 |
               +--------+--------+--------+--------+--------+-----+--------+

Top non-repeatable levels by time:
     D:9: 2213 daAuts
     D:6: 1698 daAuts
     D:8: 1395 daAuts
     D:4: 1323 daAuts
     D:7: 1158 daAuts
     D:5: 917 daAuts
     D:1: 908 daAuts
     D:3: 803 daAuts
     D:2: 659 daAuts
   Orc:1: 252 daAuts
  Temple: 48 daAuts
